 Dungeon Crawl Stone Soup version 0.24.0-123-gd5b16e6ec5 (webtiles) character file.

Game seed: 8427761691277825332, levelgen mode: deterministic

253 vurker the Gusty (level 6, -2/35 HPs)
             Began as a Tengu Air Elementalist on Dec 26, 2019.
             Was an Initiate of Vehumet.
             Killed by divine providence
             ... invoked by an orc priest
              (10 damage)
             ... on level 4 of the Dungeon.
             The game lasted 00:07:03 (4689 turns).

vurker the Gusty (Tengu Air Elementalist)           Turns: 4689, Time: 00:07:04

Health: -2/35      AC:  4    Str:  9    XL:     6   Next: 14%
Magic:  5/12       EV: 17    Int: 17    God:    Vehumet [......]
Gold:   198        SH:  0    Dex: 14    Spells: 2/12 levels left

rFire    . . .     SeeInvis .   i - +2 dagger (freeze)
rCold    . . .     Gourm    .   (no shield)
rNeg     . . .     Faith    .   a - +0 robe
rPois    .         Spirit   .   (helmet restricted)
rElec    .         Reflect  .   b - +1 cloak
rCorr    .         Harm     .   (no gloves)
MR       +....                  (boots unavailable)
Stlth    ++........             (no amulet)
HPRegen  0.11/turn              t - +2 ring of evasion
MPRegen  0.13/turn              c - ring of protection from magic

@: flying quickly and evasively, quick
A: beak, talons 3, able to fly
a: Stop Flying, Renounce Religion


You were on level 4 of the Dungeon.
You worshipped Vehumet.
Vehumet was noncommittal.
You were not hungry.

You visited 2 branches of the dungeon, and saw 5 of its levels.

You collected 198 gold pieces.

Inventory:

Hand Weapons
 i - a +2 dagger of freezing (weapon)
   (You took it off a goblin on level 1 of the Dungeon)
Armour
 a - a +0 robe (worn)
 b - a +1 cloak (worn)
   (You found it on level 1 of the Dungeon)
Jewellery
 c - a ring of protection from magic (right hand)
   (You found it on level 3 of the Dungeon)
 t - a +2 ring of evasion (left hand)
   (You found it on level 3 of the Dungeon)
Scrolls
 h - a scroll of identify
 l - a scroll of remove curse
 p - a scroll of magic mapping
Potions
 d - 4 potions of magic
 j - a potion of ambrosia {unknown}
 k - 3 potions of heal wounds
 m - 4 potions of curing
 n - a potion of might {unknown}
 o - a potion of haste {unknown}
 r - a potion of lignification {unknown}
 s - a potion of invisibility {unknown}
Comestibles
 e - 5 rations


   Skills:
 + Level 1.9 Fighting
 - Level 2.1 Dodging
 - Level 2.0 Stealth
 * Level 3.5 Spellcasting
 * Level 4.0 Conjurations
 * Level 5.8 Air Magic


You had 2 spell levels left.
You knew the following spells:

 Your Spells              Type           Power        Failure   Level  Hunger
a - Shock                 Conj/Air       ###.         2%          1    None
b - Lightning Bolt        Conj/Air       ###.......   52%         5    ######.
c - Airstrike             Air            ###.......   14%         4    ####...

Your spell library contained the following spells:

 Spells                   Type           Power        Failure   Level  Hunger
 Swiftness                Chrm/Air       ##......     8%          2    ##.....
 Static Discharge         Conj/Air       ###.....     6%          3    ###....


Dungeon Overview and Level Annotations

Branches:
Dungeon (4/15)             Temple (1/1) D:4

Altars:
Cheibriados
Dithmenos
Elyvilon
Fedhas
Gozag
Hepliaklqana
Kikubaaqudgha
Makhleb
Nemelex Xobeh
Okawaru
Qazlal
Ru
Sif Muna
Trog
Uskayaw
Vehumet
Wu Jian
Xom
Yredelemnul
Zin
The Shining One

Shops:
D:4 =


Innate Abilities, Weirdness & Mutations

You have a beak for a mouth.
You have claws for feet.
You can fly continuously.


Message History

The zap hits Ijyb but does no damage.
Ijyb misses you.
An orc priest comes into view. It is wielding a +0 club.
You don't have enough magic to cast that spell.
You don't have enough magic to cast that spell.
You hit Ijyb but do no damage. Ijyb hits you with a +0 club.
* * * LOW HITPOINT WARNING * * *
You aren't carrying any items that you can evoke.
Unknown command.
Magic courses through your body.
An orc warrior comes into view. It is wielding a +0 war axe.
An orc comes into view. It is wielding a +0 short sword.
Ijyb barely misses you.
Aim: Ijyb, wielding a +0 club, wearing a +0 ring mail and carrying a wand of iceblast (7) (severely wounded)
The zap hits Ijyb but does no damage.
Ijyb completely misses you.
Aim: Ijyb, wielding a +0 club, wearing a +0 ring mail and carrying a wand of iceblast (7) (severely wounded)
The zap hits Ijyb but does no damage.
The orc priest calls down the wrath of Beogh upon you.
You resist with some effort. Ijyb hits you with a +0 club.
* * * LOW HITPOINT WARNING * * *
Aim: Ijyb, wielding a +0 club, wearing a +0 ring mail and carrying a wand of iceblast (7) (severely wounded)
The zap hits Ijyb.
Ijyb misses you.
Aim: Ijyb, wielding a +0 club, wearing a +0 ring mail and carrying a wand of iceblast (7) (almost dead)
The zap hits Ijyb but does no damage.
Aim: Ijyb, wielding a +0 club, wearing a +0 ring mail and carrying a wand of iceblast (7) (almost dead)
The zap hits Ijyb but does no damage.
Ijyb hits you but does no damage.
Aim: Ijyb, wielding a +0 club, wearing a +0 ring mail and carrying a wand of iceblast (7) (almost dead)
The zap hits Ijyb.
Ijyb hits you but does no damage. The orc priest completely misses you.
Aim: Ijyb, wielding a +0 club, wearing a +0 ring mail and carrying a wand of iceblast (7) (almost dead)
The zap hits Ijyb.
Ijyb closely misses you. The orc hits you with a +0 short sword.
* * * LOW HITPOINT WARNING * * *
The orc warrior misses you.
An orc priest comes into view. It is wielding a +0 dagger.
The orc priest barely misses you.
Aim: Ijyb, wielding a +0 club, wearing a +0 ring mail and carrying a wand of iceblast (7) (almost dead)
The zap hits Ijyb.
Ijyb barely misses you. The orc hits you with a +0 short sword.
* * * LOW HITPOINT WARNING * * *
Aim: Ijyb, wielding a +0 club, wearing a +0 ring mail and carrying a wand of iceblast (7) (almost dead)
The zap hits Ijyb.
You kill Ijyb!
Vehumet accepts your kill.
Your Conjurations skill increases to level 4!
The orc warrior barely misses you. The orc priest misses you.
The orc misses you.
Okay, then.
The orc priest calls down the wrath of Beogh upon you.
Beogh smites you!
You die...

#.#..# ######. ##.
####....# #.
..........#g#
...#...#...###
#...#.......##
##.###.####..# #
#...#...# ##.# #
#...#.# #<# # ..#@..#
#.# # .###.## #.## #
#ooo####..## ###
#.%.#.....#..## #..
#........(#.!...####..
#>........####....#...
......o....#
#.........
##..<.....)#
#......[.#
#.....................


You could see an orc warrior and an orc priest.

Vanquished Creatures
  An iguana (D:4)
  Ijyb (D:4)
  A worker ant (D:4)
  A howler monkey skeleton (D:4)
  4 adders
  3 gnolls
  2 oozes (D:1)
  An adder skeleton (D:4)
  2 worms
  5 dart slugs
  3 leopard geckos
  5 orcs
  2 ball pythons
  5 bats
  4 giant cockroaches
  2 goblins (D:1)
  4 hobgoblins
  10 jackals
  3 quokkas
  4 frilled lizards
  5 kobolds
  4 rats
72 creatures vanquished.

Notes
Turn   | Place    | Note
-------+----------+-------------------------------------------
     0 | D:1      | vurker the Tengu Air Elementalist began the quest for the
                  | Orb.
     0 | D:1      | Reached XP level 1. HP: 10/10 MP: 4/4
    88 | D:1      | Reached XP level 2. HP: 2/16 MP: 0/6
   629 | D:1      | Reached XP level 3. HP: 20/20 MP: 2/7
  2503 | D:3      | Reached skill level 1 in Fighting
  2503 | D:3      | Reached XP level 4. HP: 22/25 MP: 0/9
  2850 | D:3      | Reached skill level 5 in Air Magic
  3633 | D:4      | Noticed Ijyb
  3702 | D:4      | Gained mutation: You can fly continuously. [Tengu growth]
  3702 | D:4      | Reached XP level 5. HP: 29/29 MP: 0/10
  4272 | D:4      | Found a staircase to the Ecumenical Temple.
  4281 | Temple   | Entered the Ecumenical Temple
  4293 | Temple   | Became a worshipper of Vehumet
  4456 | D:4      | Found Dupoph's Jewellery Boutique.
  4516 | D:4      | Reached XP level 6. HP: 28/35 MP: 3/12
  4523 | D:4      | Learned a level 5 spell: Lightning Bolt
  4528 | D:4      | Learned a level 4 spell: Airstrike
  4679 | D:4      | Noticed an orc warrior
  4688 | D:4      | Killed Ijyb
  4689 | D:4      | Killed from afar by an orc priest

Levels and vault maps discovered:
D:1:      psy_arrival_whirlpool, layout_rooms
D:2:      layout_loops_corners, first_ration, hangedman_decor_growths,
          patterned_corridor
D:3:      layout_basic, glass_columns_a
D:4:      layout_rooms, minmay_temple_entry_gardened_gates, serial_shops, shop,
          minmay_misc_feat_alley, minmay_misc_feat_four_crosses, uniq_ijyb
Temple:   dpeg_three_leaves_temple

Skill      XL: |  1  2  3  4  5  6 |
---------------+-------------------+-----
Conjurations   | 2 3 4 |  4.0
Fighting       | 1 |  1.9
Air Magic      | 5 |  5.8
Spellcasting   | 3 |  3.5
Dodging        | |  2.1
Stealth        | |  2.0

Action                   |  1- 3 |  4- 6 || total
-------------------------+-------+-------++-------
Melee: Dagger            |     5 |    15 ||    20
       Peck              |       |     4 ||     4
       Kick              |       |     2 ||     2
 Cast: Shock             |    76 |   133 ||   209
 Abil: Fly               |       |     1 ||     1
  Use: Scroll            |       |    12 ||    12
       Potion            |       |     1 ||     1
  Eat: Chunk             |     2 |     7 ||     9
       Ration            |     1 |       ||     1
Armor: Robe              |     2 |     8 ||    10
Dodge: Dodged            |     8 |    39 ||    47
